 Seeded DCSS version 0.29.1-12-g30fa7ad0bf (webtiles) character file.

Game seed: 9845822215292249863 (custom seed)

21 OTABOTABOTAB the Conjurer (level 2, 0/23 HPs)
             Began as a Draconian Conjurer on Jan 10, 2023.
             Slain by a gnoll
             ... wielding a +0 club
              (5 damage)
             ... on level 1 of the Dungeon.
             The game lasted 00:02:25 (798 turns).

OTABOTABOTAB the Conjurer (Draconian Conjurer)       Turns: 798, Time: 00:02:25

Health: 0/23       AC:  4    Str:  9    XL:     2   Next: 65%
Magic:  0/5        EV: 27    Int: 18    God:
Gold:   20         SH:  0    Dex:  9    Spells: 3/6 levels left

rFire   . . .      SeeInvis .   a - staff of conjuration
rCold   . . .      Faith    .   (no shield)
rNeg    . . .      Spirit   .   (body armour unavailable)
rPois   .          Reflect  .   (helmet restricted)
rElec   .          Harm     .   (no cloak)
rCorr   .          Rampage  .   (no gloves)
Will    +....                   (no boots)
Stlth   ++........              b - amulet of the acrobat
HPRegen 0.07/turn               W - ring of willpower
MPRegen 0.09/turn               (no ring)

@: acrobatic
A: AC +4, unfitting armour, cold-blooded
a: no special abilities


You were on level 1 of the Dungeon.
You visited 1 branch of the dungeon, and saw 1 of its levels.

You collected 20 gold pieces.

Inventory:

Missiles
 h - 5 poisoned darts
 s - 12 stones
Magical Staves
 a - a staff of conjuration (weapon)
   (You found it on level 1 of the Dungeon)
Jewellery
 b - an amulet of the acrobat (around neck)
   (You found it on level 1 of the Dungeon)
 W - a ring of willpower (left hand)
   (You found it on level 1 of the Dungeon)
Scrolls
 c - a scroll of identify {unknown}
 d - a scroll of amnesia {unknown}
 e - a scroll of teleportation {unknown}
 f - 2 scrolls of acquirement {unknown}
Potions
 g - a potion of curing {unknown}
 M - 2 potions of magic


   Skills:
 + Level 1.1 Fighting
 - Level 1.7 Dodging
 - Level 1.7 Stealth
 * Level 2.6 Spellcasting
 + Level 4.2 Conjurations


You had 3 spell levels left.
You knew the following spells:

 Your Spells              Type           Power      Damage    Failure   Level
a - Magic Dart            Conj           100%       1d8       3%          1
b - Searing Ray           Conj           52%        2d6       4%          2

Your spell library contained the following spells:

 Spells                   Type           Power      Damage    Failure   Level
 Dazzling Flash           Conj/Hex       28%        N/A       22%         3
 Fulminant Prism          Conj/Hex       7%         3d7       56%         4
 Iskenderun's Mystic Bla  Conj/Tloc      14%        2d5       56%         4


Dungeon Overview and Level Annotations

Branches:
Dungeon (1/15)

Altars:


Innate Abilities, Weirdness & Mutations

Your plain brown scales are hard. (AC +4)
You cannot fit into any form of body armour.
You are cold-blooded and may be slowed by cold attacks.


Message History

You see here a ball python corpse.
MP restored: 5 You feel a surge of power!
The magic dart hits the bat!
You kill the bat!
Your Fighting skill increases to level 1!
Health restored: 23 You now have 4/5 mp.
No target in view!
Unknown command.
A giant cockroach comes into view.
MP restored: 5 You feel a surge of power!
The magic dart hits the giant cockroach.
You feel a surge of power!
The magic dart hits the giant cockroach.
You kill the giant cockroach!
You now have 3/5 mp.
g - a cyan potion MP restored: 5
h - 5 poisoned darts
s - 12 stones (gained 6)
A bat comes into view.
A bat is nearby!
You feel a surge of power!
The magic dart hits the bat.
You now have 4/5 mp.
You hit the bat.
You blast the bat.
You kill the bat!
A bat comes into view.
The bat completely misses you.
MP restored: 5 You closely miss the bat.
Your tail-slap misses the bat.
The bat hits you but does no damage. x2; The bat barely misses you.
You hit the bat. The bat hits you but does no damage.
You miss the bat.
You tail-slap the bat, but do no damage.
The bat barely misses you. The bat misses you.
Aim: a bat (100% to hit)
You feel a surge of power!
The magic dart hits the bat.
The bat misses you.
You now have 4/5 mp.
You hit the bat.
You kill the bat!
Found a stone staircase leading down.
MP restored: 5 You now have 20 gold pieces (gained 8).
A goblin comes into view. It is wielding a +0 dagger.
You feel a surge of power!
The magic dart hits the goblin.
You kill the goblin!
You now have 4/5 mp.
No target in view!
A bat and a gnoll come into view.
The gnoll shouts!
The gnoll moves out of view.
MP restored: 5 You feel a surge of power!
The magic dart hits the bat.
You kill the bat!
You now have 4/5 mp.
You feel a surge of power!
The magic dart hits the gnoll but does no damage.
You now have 3/5 mp.
Aim: a gnoll, wielding a +0 club (82% to hit)
You feel a surge of power!
You miscast Searing Ray.
You are very lightly contaminated with residual magic.
Nothing appears to happen.
You now have 1/5 mp.
You don't have enough magic to cast this spell.
The gnoll completely misses you.
You don't have enough magic to cast this spell.
Aim: a gnoll, wielding a +0 club (100% to hit)
You feel a surge of power!
The magic dart hits the gnoll.
The gnoll hits you but does no damage.
You now have 0/5 mp.
You hit the gnoll. The gnoll hits you with a +0 club.
You take 4 damage, and have 19/23 hp.
You hit the gnoll but do no damage. The gnoll barely misses you.
You hit the gnoll but do no damage. The gnoll misses you.
You closely miss the gnoll. The gnoll completely misses you.
The gnoll misses you.
Your magical contamination has completely faded away.
You hit the gnoll but do no damage.
Your tail-slap misses the gnoll.
The gnoll hits you with a +0 club.
You take 3 damage, and have 17/23 hp.
You hit the gnoll. The gnoll closely misses you.
Aim: a gnoll, wielding a +0 club (moderately wounded, 100% to hit)
You feel a surge of power!
The magic dart hits the gnoll.
The gnoll closely misses you.
You now have 0/5 mp.
You barely miss the gnoll. The gnoll hits you with a +0 club!
You take 7 damage, and have 10/23 hp.
MASSIVE DAMAGE!!
You closely miss the gnoll.
You tail-slap the gnoll, but do no damage.
The gnoll hits you with a +0 club.
* * * LOW HITPOINT WARNING * * *
You take 5 damage, and have 5/23 hp.
MASSIVE DAMAGE!!
The gnoll completely misses you. The gnoll attacks as you move away!
The gnoll hits you with a +0 club.
You die...

##.###..#
#.#####
#.# .#
#.# ...
.. #.#
###. #
#.# .
#######.#
#.......#
#
#.#######
###.# #.#
......#@#
#.g.#
#.#.#
....).
###.#.##
#.#.. . .
... .
#..####
#.##
##....#


You could see a gnoll.

Vanquished Creatures
  2 dart slugs (D:1)
  2 ball pythons (D:1)
  4 bats (D:1)
  An endoplasm (D:1)
  A giant cockroach (D:1)
  2 goblins (D:1)
  A kobold (D:1)
  A quokka (D:1)
  A frilled lizard (D:1)
  A rat (D:1)
16 creatures vanquished.

Notes
Turn   | Place    | Note
-------+----------+-------------------------------------------
     0 | D:1      | OTABOTABOTAB the Draconian Conjurer began the quest for the
                  | Orb.
     0 | D:1      | Reached XP level 1. HP: 14/14 MP: 3/3
   444 | D:1      | Reached XP level 2. HP: 22/22 MP: 5/5
   578 | D:1      | Learned a level 2 spell: Searing Ray
   602 | D:1      | Reached skill level 1 in Fighting
   796 | D:1      | HP: 5/23 [gnoll/+0 club (5)]
   798 | D:1      | Slain by a gnoll

Illustrated notes

Levels and vault maps discovered:
D:1:      giann_bridges, layout_basic

Skill      XL: |  1  2 |
---------------+-------+-----
Fighting       | 1 |  1.1
Dodging        | |  1.7
Stealth        | |  1.7
Spellcasting   | |  2.6
Conjurations   | |  4.2

Action                   || total
-------------------------++-------
Melee: Staff             ||    20
       Short sword       ||     4
       Tailslap          ||     3
 Cast: Magic Dart        ||    24
Armor: Skin              ||     8
Dodge: Dodged            ||    20

Table legend: (Time is in decaauts)
 A = Elapsed time spent in this place.
 B = Non-inter-level travel time spent in this place.
 C = Inter-level travel time spent in this place.
 D = Time resting spent in this place.
 E = Time spent auto-exploring this place.
 F = Levels seen in this place.
 G = Mean time per level.
                   A        B        C        D        E       F      G
               +--------+--------+--------+--------+--------+-----+--------+
         Total |    800 |    800 |      0 |    199 |    497 |   1 |  800.0 |
       Dungeon |    800 |    800 |      0 |    199 |    497 |   1 |  800.0 |
               +--------+--------+--------+--------+--------+-----+--------+

Top non-repeatable levels by time:
     D:1: 800 daAuts

Table legend:
 A = Kills in this place as a percentage of kills in entire the game.
 B = Kills by you in this place as a percentage of kills by you in the entire game.
 C = Kills by friends in this place as a percentage of kills by friends in the entire game.
 D = Other kills in this place as a percentage of other kills in the entire game.
 E = Experience gained in this place as a percentage of experience gained in the entire game.
 F = Experience gained in this place divided by the number of levels of this place that you have seen.
                   A       B       C       D       E      F
               +-------+-------+-------+-------+-------+----------------------
         Total | 100.0 | 100.0 |   N/A |   N/A | 100.0 |  31.0
       Dungeon | 100.0 | 100.0 |   N/A |   N/A | 100.0 |  31.0
               +-------+-------+-------+-------+-------+----------------------
